 Dungeon Crawl Stone Soup version 0.30.0-19-g36f170ea60 (webtiles) character file.

Game seed: 2753345312625000061

77 Renzlar the Shield-Bearer (level 4, -1/41 HPs)
             Began as a Gnoll Fighter on June 1, 2023.
             Slain by an ogre
             ... wielding a +0 giant club
              (31 damage)
             ... on level 4 of the Dungeon.
             The game lasted 00:07:07 (2659 turns).

Renzlar the Shield-Bearer (Gnoll Fighter)           Turns: 2659, Time: 00:07:08

Health: -1/41      AC: 10    Str: 17    XL:     4   Next: 34%
Magic:  5/5        EV:  7    Int:  7    God:
Gold:   142        SH:  5    Dex: 12    Spells: 5/5 levels left

rFire   . . .        l - +2 mace (heavy)
rCold   . . .        c - +0 buckler
rNeg    . . .        g - +0 chain mail
rPois   .            (no helmet)
rElec   .            (no cloak)
rCorr   .            (no gloves)
SInv    .            (no boots)
Will    .....        (no amulet) Stlth
                     (no ring)
HPRegen 0.26/turn    (no ring)
MPRegen 0.09/turn

%: no passive effects
@: no status effects
A: fangs 1, strong nose, distributed training
a: no special abilities


You were on level 4 of the Dungeon.
You visited 1 branch of the dungeon, and saw 4 of its levels.

You collected 142 gold pieces.

Inventory:

Hand Weapons
 a - a +1 war axe
 l - a +2 heavy mace (weapon)
Missiles
 f - 5 javelins (quivered)
 h - 6 curare-tipped darts
 n - 5 poisoned darts
Armour
 b - a +0 scale mail
 c - a +0 buckler (worn)
 g - a +0 chain mail (worn)
Jewellery
 k - a ring of fire
Scrolls
 m - a scroll of teleportation
 o - a scroll of fear
Potions
 d - 2 potions of might
 e - a potion of berserk rage
 i - a potion of haste
 j - a potion of mutation {unknown}


   Skills:
 + Level 6.6 Fighting
 + Level 1.1 Short Blades
 + Level 1.1 Long Blades
 + Level 4.6 Axes
 + Level 1.1 Maces & Flails
 + Level 1.1 Polearms
 + Level 1.1 Staves
 + Level 1.1 Ranged Weapons
 + Level 1.1 Throwing
 + Level 6.6 Armour
 + Level 1.1 Dodging
 + Level 1.1 Stealth
 + Level 6.6 Shields
 + Level 1.1 Unarmed Combat
 + Level 1.1 Spellcasting
 + Level 0.9 Conjurations
 + Level 0.9 Hexes
 + Level 0.9 Summonings
 + Level 0.9 Necromancy
 + Level 0.9 Translocations
 + Level 0.9 Transmutations
 + Level 0.9 Fire Magic
 + Level 0.9 Ice Magic
 + Level 0.9 Air Magic
 + Level 0.9 Earth Magic
 + Level 0.9 Poison Magic
 + Level 1.2 Invocations
 + Level 1.1 Evocations


You had 5 spell levels left.
You didn't know any spells.
Your spell library contained the following spells:

 Spells                   Type           Power      Damage    Failure   Level
 Magic Dart               Conj           4%         1d3       97%         1
 Shock                    Conj/Air       4%         1d3       97%         1
 Call Imp                 Summ           2%         N/A       99%         2
 Mephitic Cloud           Conj/Pois/Air  1%         N/A       100%        3
 Swiftness                Air            1%         N/A       100%        3
 Airstrike                Air            0%         2d(1-17)  100%        4


Dungeon Overview and Level Annotations

Branches:
Dungeon (4/15)
 Temple: D:4-7

Altars:


Innate Abilities, Weirdness & Mutations

You have very sharp teeth.
Your uncanny sense of smell can sniff out nearby items.
Your experience applies equally to all skills.


Message History

The ufetubus hits you. x2
You closely miss the ufetubus. The ufetubus barely misses you. x2
You block the ufetubus's attack. The ufetubus hits you.
The ufetubus hits you but does no damage.
The ufetubus completely misses you.
A giant cockroach comes into view.
You block the ufetubus's attack.
The ufetubus hits you but does no damage.
You closely miss the ufetubus. You block the ufetubus's attack.
The ufetubus hits you but does no damage.
The ufetubus hits you. The ufetubus barely misses you.
The ufetubus hits you but does no damage. x2
You hit the ufetubus.
The ufetubus is almost dead.
The ufetubus hits you but does no damage. x3
You block the ufetubus's attack. The ufetubus hits you.
The ufetubus hits you but does no damage.
Unknown command.
You closely miss the ufetubus.
The ufetubus is almost dead.
The ufetubus hits you but does no damage.
The ufetubus hits you.
The ufetubus hits you but does no damage.
The ufetubus hits you. The ufetubus barely misses you.
You block the ufetubus's attack.
You bludgeon the ufetubus!!
You kill the ufetubus!
You block the giant cockroach's attack.
You sock the giant cockroach!
You kill the giant cockroach!
An ogre comes into view. It is wielding a +0 giant club.
You barely miss the ogre. You bite the ogre.
The ogre is lightly wounded.
The ogre barely misses you.
You sock the ogre!
The ogre is heavily wounded.
You block the ogre's attack.
The ogre hits you with a +0 giant club!!
Ouch! That really hurt!
You die...

#.# #.# #..>#
...###.# #..##
#....# #.##
∆#.#..#### #..#
#.......# #.##
#.#..###.##.## #.#
#.# ∆#.##..## ###.#
#..###.###..###.#.#
#O@..# ##..#.#..#
∆#.#(.# ##..#...#
#....# ###....#
..###.# ##.#.#∆
∆#.#. #.# #...# #
.. ... ...... ..
.### ##....## ## .
#.....# #####.#


You could see an ogre.

Vanquished Creatures
  An adder (D:2)
  An ufetubus (D:4)
  A worm (D:3)
  2 dart slugs (D:1)
  4 endoplasms
  4 giant cockroaches
  6 goblins
  7 hobgoblins
  2 jackals (D:3)
  2 quokkas
  6 ball pythons
  2 bats (D:3)
  A frilled lizard (D:2)
  5 kobolds
  6 rats
50 creatures vanquished.

Notes
Turn   | Place    | Note
-------+----------+-------------------------------------------
     0 | D:1      | Renzlar the Gnoll Fighter began the quest for the Orb.
     0 | D:1      | Reached XP level 1. HP: 23/23 MP: 1/1
   180 | D:1      | Reached XP level 2. HP: 29/29 MP: 2/2
   497 | D:1      | Reached XP level 3. HP: 33/35 MP: 3/3
  1032 | D:2      | Reached skill level 1 in Invocations
  1153 | D:2      | Reached skill level 1 in Short Blades
  1153 | D:2      | Reached skill level 1 in Long Blades
  1153 | D:2      | Reached skill level 1 in Maces & Flails
  1153 | D:2      | Reached skill level 1 in Polearms
  1153 | D:2      | Reached skill level 1 in Staves
  1153 | D:2      | Reached skill level 1 in Ranged Weapons
  1153 | D:2      | Reached skill level 1 in Throwing
  1153 | D:2      | Reached skill level 1 in Dodging
  1153 | D:2      | Reached skill level 1 in Stealth
  1153 | D:2      | Reached skill level 1 in Unarmed Combat
  1153 | D:2      | Reached skill level 1 in Spellcasting
  1153 | D:2      | Reached skill level 1 in Evocations
  2064 | D:3      | Reached XP level 4. HP: 33/41 MP: 5/5
  2656 | D:4      | Noticed an ogre
  2659 | D:4      | Slain by an ogre

Illustrated notes

Levels and vault maps discovered:
D:1:      shiori_shiawase, layout_basic, minmay_misc_feat_alley
D:2:      layout_loops_cross
D:3:      layout_basic, minmay_misc_feat_five
D:4:      kennysheep_goblin_castle, layout_loops_corners, temple_hall,
          minmay_starry_boxes, uniq_grinder, uniq_robin, uniq_edmund

Skill      XL: |  1  2  3 |
---------------+----------+-----
Invocations    | 1 |  1.2
Short Blades   | 1 |  1.1
Long Blades    | 1 |  1.1
Maces & Flails | 1 |  1.1
Polearms       | 1 |  1.1
Staves         | 1 |  1.1
Ranged Weapons | 1 |  1.1
Throwing       | 1 |  1.1
Dodging        | 1 |  1.1
Stealth        | 1 |  1.1
Unarmed Combat | 1 |  1.1
Spellcasting   | 1 |  1.1
Evocations     | 1 |  1.1
Fighting       | |  6.6
Axes           | |  4.6
Armour         | |  6.6
Shields        | |  6.6
Conjurations   | |  0.9
Hexes          | |  0.9
Summonings     | |  0.9
Necromancy     | |  0.9
Translocations | |  0.9
Transmutations | |  0.9
Fire Magic     | |  0.9
Ice Magic      | |  0.9
Air Magic      | |  0.9
Earth Magic    | |  0.9
Poison Magic   | |  0.9

Action                     |  1- 3 |  4- 6 || total
---------------------------+-------+-------++-------
  Melee: War axe           |    71 |       ||    71
         Bite              |     8 |     2 ||    10
         Mace              |    32 |    26 ||    58
    Use: Scroll            |     9 |       ||     9
 Armour: Scale mail        |    14 |       ||    14
         Chain mail        |    43 |    21 ||    64
  Dodge: Dodged            |    31 |    16 ||    47
  Block: Buckler           |    30 |    18 ||    48
